 Dungeon Crawl Stone Soup version 0.21.1-1-g345015f (webtiles) character file.

176689 suicidejoker the Sharpshooter (level 17, -8/148 HPs)
             Began as a Minotaur Hunter on Mar 21, 2018.
             Was a Priest of Cheibriados.
             Shot with a bolt by a naga sharpshooter (17 damage)
             ... on level 4 of the Snake Pit on Mar 22, 2018.
             The game lasted 03:08:34 (33001 turns).

suicidejoker the Sharpshooter (Minotaur Hunter)    Turns: 33001, Time: 03:08:35

Health: -8/148     AC: 30    Str: 32    XL:     17   Next: 51%
Magic:  9/27       EV: 19    Int: 22    God:    Cheibriados [***...]
Gold:   1754       SH:  3    Dex: 29    Spells: 3/27 levels left

rFire    + . .     SeeInvis .   b - +7 trident of Pedoux {pierce, rPois MR- Int+6}
rCold    + + .     Gourm    .   (no shield)
rNeg     . . .     Faith    .   x - +1 plate armour "Cantoan" {Str+3 Dex+3} (curse)
rPois    +         Spirit   .   Q - +0 hat of Vanity {Regen+ rCorr Str+4 Int-5}
rElec    .         Reflect  +   z - +2 cloak
rCorr    +         Harm     .   N - +3 pair of gloves of Absolutism {-Tele rF+ MR++ Int+3}
MR       +++..     NoTele   +   V - +2 pair of boots
Stlth    ..........             U - +3 amulet of reflection
HPRegen  0.74/turn              i - +3 ring of slaying
MPRegen  0.20/turn              X - ring "Lomnoq" {rC++ AC+5}

@: lethally poisoned (-8 -> -9), studying Throwing, very slow
A: retaliatory headbutt, horns 2, clever 1, magic resistance 1
a: Bend Time, Temporal Distortion, Renounce Religion


You were on level 4 of the Snake Pit.
You worshipped Cheibriados.
Cheibriados was most pleased with you.
You were not hungry.

You visited 5 branches of the dungeon, and saw 28 of its levels.
You also visited: Bailey.

You collected 3172 gold pieces.
You spent 1418 gold pieces at shops.

Inventory:

Hand Weapons
 a - a +0 shortbow of flaming
 b - the +7 trident of Pedoux (weapon) {pierce, rPois MR- Int+6}
   (You found it on level 4 of the Lair of Beasts)

   It inflicts extra damage upon your enemies.
   It affects your intelligence (+6).
   It protects you from poison.
   It affects your resistance to hostile enchantments.
 d - a +7 hand crossbow
 o - a +0 broad axe of electrocution
 t - a +4 great mace of draining
 I - a +2 vampiric spear
 R - a +0 longbow
Missiles
 l - 7 bolts
 n - 394 arrows
 w - 61 tomahawks
 O - 29 tomahawks of returning (quivered)
 Z - 17 javelins
Armour
 r - +0 ice dragon scales
 x - the cursed +1 plate armour "Cantoan" (worn) {Str+3 Dex+3}
   (You bought it in a shop on level 2 of the Orcish Mines)

   It affects your strength (+3).
   It affects your dexterity (+3).
   It has a curse placed upon it.
 z - a +2 cloak (worn)
 L - a +0 troll leather armour
 N - the +3 pair of gloves of Absolutism (worn) {-Tele rF+ MR++ Int+3}
   (You found it on level 5 of the Lair of Beasts)

   It affects your intelligence (+3).
   It protects you from fire.
   It affects your resistance to hostile enchantments.
   It prevents most forms of teleportation.
 P - the +1 chain mail of Inquiry {rF+ Int+6 SInv}
   (You found it on level 9 of the Dungeon)

   It affects your intelligence (+6).
   It protects you from fire.
   It lets you see invisible.
 Q - the +0 hat of Vanity (worn) {Regen+ rCorr Str+4 Int-5}
   (You found it on level 13 of the Dungeon)

   It affects your strength (+4).
   It affects your intelligence (-5).
   It increases your rate of regeneration.
   It protects you from acid and corrosion.
 S - quicksilver dragon scales
 V - a +2 pair of boots (worn)
Jewellery
 i - a +3 ring of slaying (left hand)
 q - an uncursed ring of ice
 B - an uncursed ring of flight
 E - an uncursed ring of poison resistance
 J - an uncursed ring of protection from magic
 U - a +3 amulet of reflection (around neck)
 X - the ring "Lomnoq" (right hand) {rC++ AC+5}
   (You acquired it on level 1 of the Snake Pit)

   [ring of protection]

   It affects your AC (+5).
   It greatly protects you from cold.
Wands
 s - a wand of acid (16)
 y - a wand of disintegration (12)
 D - a wand of paralysis (35)
 G - a wand of polymorph (39)
 H - a wand of digging (64)
 M - a wand of flame (49)
 Y - a wand of iceblast (15)
Scrolls
 c - 12 scrolls of teleportation
 k - 9 scrolls of identify
 u - a scroll of holy word
 A - a scroll of blinking
 K - 3 scrolls of remove curse
Potions
 e - a potion of invisibility
 j - a potion of curing
 m - a potion of cancellation
 p - 4 potions of lignification
 v - 8 potions of flight
 C - a potion of resistance
 F - a potion of heal wounds
 T - a potion of magic
Books
 h - a manual of Throwing
Miscellaneous
 g - a sack of spiders
 W - a lightning rod (3/4)
Comestibles
 f - 44 rations


   Skills:
 + Level 12.5 Fighting
   Level 5.6 Short Blades
 - Level 4.0 Maces & Flails
 - Level 13.6 Polearms
 * Level 8.6 Bows
 - Level 15.4 Crossbows
 + Level 6.8 Armour
 + Level 11.7 Dodging
 - Level 0.7 Stealth
   Level 0.5 Shields
 + Level 5.7 Spellcasting
 + Level 3.3 Charms
 + Level 6.2 Necromancy
 + Level 3.6 Transmutations
 * Level 15.3 Invocations
 + Level 5.5 Evocations


You had 3 spell levels left.
You knew the following spells:

 Your Spells              Type           Power        Failure   Level  Hunger
a - Animate Skeleton      Necr           N/A          5%          1    None
b - Animate Dead          Necr           N/A          47%         4    ####...
c - Regeneration          Chrm/Necr      ####......   30%         3    ##.....
d - Dragon Form           Tmut           ###.......   100%        7    #######
e - Hydra Form            Tmut           ###.......   100%        6    #######
f - Spider Form           Tmut/Pois      ##........   69%         3    ##.....


Dungeon Overview and Level Annotations

Branches:
Dungeon (15/15)            Temple (1/1) D:5            Lair (6/6) D:10
  Swamp (0/4) Lair:4        Snake (4/4) Lair:3        Slime (0/5) Lair:6
    Orc (2/2) D:10            Elf (0/3) Orc:2        Vaults (0/5) D:13
 Depths (0/5) D:15

Altars:
Ashenzari
Cheibriados
Dithmenos
Elyvilon
Fedhas
Gozag
Hepliaklqana
Makhleb
Nemelex Xobeh
Qazlal
Ru
Sif Muna
Trog
Uskayaw
Vehumet
Wu Jian
Xom
Yredelemnul
Zin
The Shining One

Shops:
D:8 *   D:9 !   D:11 *(}   Orc:2 ([*=


Innate Abilities, Weirdness & Mutations

You reflexively headbutt those who attack you in melee.
You have a pair of horns on your head.
Your mind is acute. (Int +2)
You are resistant to hostile enchantments. (MR+)


Message History

The bolt hits you but does no damage.
You start removing your armour.
You continue taking off the +3 pair of gloves of Absolutism {-Tele rF+ MR++ Int+3}.
The nagaraja hits you from afar with a halberd!
* * * LOW HITPOINT WARNING * * *
The naga mage spits poison at you. The splash of poison hits you! You resist.
The naga sharpshooter shoots a bolt.
The bolt hits you!
* * * LOW HITPOINT WARNING * * *
The naga sharpshooter mumbles some strange words.
The naga sharpshooter magically shoots a bolt.
The bolt hits you!
* * * LOW HITPOINT WARNING * * *
You continue taking off the +3 pair of gloves of Absolutism {-Tele rF+ MR++ Int+3}.
The nagaraja casts a spell at you. You resist with almost no effort.
The naga sharpshooter mumbles some strange words.
The naga sharpshooter magically shoots a bolt.
The bolt hits you!
You die...

#..........###..##########....##.
#.......#..........##...........)
#.........#........#.......####)(
..#...((.#...#.............# ##.)
..#......#..............#### #(()
..#..........###........## #...
#.#.#....#...# #..#...#..#####.(.
........)#..(####(#.........#.((.
#.#.#......(.(NN@.NNN..N....#..N.
..........(#(.(####N..........#N#
#.#.#((..).#.(.(# ##.....##...#a#
.......(<[.#..((#######.......#(#
#.#.#....(.....)((.(..N.##...##(#
.....(..#...(##)N######.##......#
#.#.##....#.(###((#####..........
.........#...#
#.(((.###ยง........
#.#.##..##.#.# #..(#(....##...#.#


You could see a nagaraja, 4 naga sharpshooters, a salamander mystic and a naga.

Vanquished Creatures
  Saint Roka (Snake:2)
  Frances (D:14)
  3 orc warlords
  3 nagarajas
  An ettin (Orc:2)
  Snorg (D:11)
  A fire dragon (D:12)
  The ghost of gilok the Thaumaturge, a journeyman GnWr of Ashenzari (D:10)
  6 hydras
  Erolcha (D:10)
  13 naga warriors
  3 vault guards (D:13)
  2 centaur warriors (D:15)
  16 anacondas
  A merfolk avatar (Lair:6)
  2 two-headed ogres (D:15)
  2 alligators (Snake:3)
  2 death yaks (Lair:6)
  A tengu warrior (D:15)
  Urug (Lair:3)
  3 orc high priests (Orc:2)
  4 naga sharpshooters
  7 shock serpents
  3 unseen horrors
  4 salamander mystics
  A swamp dragon (Snake:3)
  4 naga ritualists
  6 orc knights
  2 harpies (Lair:6)
  3 wizards (D:15)
  A wolf spider (D:15)
  10 deep elf magi
  10 orc sorcerers
  9 mana vipers
  2 centaur zombies
  10 ugly things
  5 cyclopes
  13 salamanders
  14 elephants
  25 black mambas
  8 guardian serpents
  2 gargoyles
  Psyche (D:8)
  3 torpor snails
  13 naga magi
  7 orange demons (D:14)
  10 spiny frogs
  7 komodo dragons
  3 rime drakes
  A komodo dragon (shapeshifter) (D:15)
  3 red devils (D:14)
  15 trolls
  A wind drake (Lair:6)
  2 tyrant leeches (Lair:4)
  A queen bee (Lair:3)
  6 polar bears
  4 hornets (Lair:6)
  18 slime creatures
  9 blink frogs
  A spriggan (D:7)
  7 hippogriffs
  7 dream sheep (Lair:6)
  8 redbacks (Snake:3)
  2 shadows (D:12)
  32 yaks
  5 basilisks
  6 wyverns
  4 fire bats (D:10)
  2 wraiths (D:14)
  Eustachio (D:4)
  Grum (D:10)
  2 hungry ghosts
  5 wargs
  7 vampire mosquitoes
  A hell hound (D:10)
  11 water moccasins
  51 nagas
  10 porcupines
  2 swamp drakes (Snake:3)
  51 orc warriors
  7 sky beasts
  3 ice beasts
  A black bear (D:9)
  A phantom (D:10)
  50 wolves
  5 boggarts (D:15)
  8 ogres
  14 crocodiles
  15 centaurs
  2 big kobolds
  14 bullfrogs
  2 water moccasin skeletons
  34 killer bees
  9 wights
  An electric eel (Orc:1)
  A quasit (D:10)
  6 crimson imps
  6 hounds
  2 lava snakes (D:10)
  2 centaur skeletons
  7 bullfrog skeletons
  6 jellies
  27 orc priests
  33 orc wizards
  Crazy Yiuf (D:4)
  Ijyb (D:3)
  5 hell rats (Lair:6)
  4 worker ants
  A killer bee zombie (D:8)
  4 gnolls
  8 adders
  3 shadow imps
  An ooze (Lair:6)
  3 adder skeletons
  6 worms
  5 dart slugs
  2 leopard geckos
  99 orcs
  2 ball pythons
  4 giant cockroaches
  13 goblins
  8 hobgoblins
  14 jackals
  22 kobolds
  3 quokkas
  7 bats
  3 frilled lizards
  A leopard gecko zombie (D:6)
  A quokka skeleton (D:4)
  8 rats
  2 fire vortices (D:10)
1015 creatures vanquished.

Vanquished Creatures (collateral kills)
  Vashnia (Snake:4)
  A vault guard (D:13)
  An orc knight (D:15)
  An ugly thing (D:15)
  A deep elf mage (Orc:1)
  A water nymph (shapeshifter) (D:15)
  A centaur zombie (D:13)
  A gargoyle (D:13)
  An orc warrior (D:15)
  An ice beast (D:12)
  An ogre (Orc:1)
  A scorpion (D:12)
  A bullfrog zombie (D:12)
  3 orcs
  A plant (Lair:3)
17 creatures vanquished.

Vanquished Creatures (others)
  A naga mage (Snake:1)
  3 bushes (Lair:6)
  A fire vortex (D:10)
  3 fungi (Lair:1)
  12 plants
20 creatures vanquished.

Grand Total: 1052 creatures vanquished

Notes
Turn   | Place    | Note
-------+----------+-------------------------------------------
     0 | D:1      | suicidejoker the Minotaur Hunter began the quest for the Orb.
     0 | D:1      | Reached XP level 1. HP: 18/18 MP: 0/0
   169 | D:1      | Reached XP level 2. HP: 25/25 MP: 1/1
   841 | D:2      | Reached skill level 5 in Crossbows
   841 | D:2      | Reached XP level 3. HP: 31/31 MP: 2/2
  1591 | D:3      | Reached XP level 4. HP: 38/38 MP: 3/3
  1968 | D:3      | Found a blossoming altar of Fedhas.
  2122 | D:3      | Noticed Ijyb
  2138 | D:3      | Killed Ijyb
  2138 | D:3      | Reached XP level 5. HP: 44/46 MP: 4/4
  2343 | D:4      | Noticed an ogre
  2349 | D:4      | HP: 2/69 [ogre/giant club (19)]
  2354 | D:4      | Killed an ogre
  2354 | D:4      | Reached skill level 1 in Short Blades
  2601 | D:4      | Reached XP level 6. HP: 49/52 MP: 5/5
  2767 | D:4      | Noticed Eustachio
  2780 | D:4      | Killed Eustachio
  2951 | D:4      | Found a shadowy altar of Dithmenos.
  2981 | D:4      | Found a bloodstained altar of Trog.
  3645 | D:4      | Found a runed door.
  4084 | D:4      | Noticed Crazy Yiuf
  4093 | D:4      | Killed Crazy Yiuf
  4093 | D:4      | Reached XP level 7. HP: 51/60 MP: 6/6
  4126 | D:5      | Entered Level 5 of the Dungeon
  4215 | D:5      | Found a staircase to the Ecumenical Temple.
  4481 | Temple   | Entered the Ecumenical Temple
  4526 | Temple   | Became a worshipper of Cheibriados the Contemplative
  5077 | D:6      | Reached skill level 5 in Fighting
  5092 | D:6      | Found a deep blue altar of Sif Muna.
  5228 | D:6      | Reached * piety under Cheibriados
  5298 | D:6      | Reached XP level 8. HP: 51/68 MP: 7/7
  5538 | D:6      | Reached skill level 5 in Short Blades
  5538 | D:6      | Reached skill level 5 in Dodging
  5555 | D:6      | Got a bronze leather armour
  5566 | D:6      | Identified the +1 leather armour of Insecurity {rPois rC- Int+4 Stlth+} (You found it on level 6 of the Dungeon)
  6054 | D:7      | Reached skill level 1 in Invocations
  6127 | D:7      | Reached skill level 1 in Polearms
  6291 | D:7      | Reached ** piety under Cheibriados
  6428 | D:7      | Found a deep blue altar of Sif Muna.
  6470 | D:7      | Reached XP level 9. HP: 72/75 MP: 9/9
  6792 | D:7      | Found a hide-covered altar of Uskayaw.
  6798 | D:7      | Found a burning altar of Makhleb.
  6801 | D:7      | Found a hazy altar of Hepliaklqana.
  7247 | D:8      | Noticed Psyche
  7257 | D:8      | Killed Psyche
  7279 | D:8      | Reached *** piety under Cheibriados
  7279 | D:8      | Reached skill level 5 in Polearms
  7810 | D:8      | Found Zeten's General Store.
  7818 | D:8      | Bought a scroll of enchant armour for 75 gold pieces
  7818 | D:8      | Bought a potion of heal wounds for 50 gold pieces
  7818 | D:8      | Bought a scroll of blinking for 75 gold pieces
  8263 | D:9      | Reached XP level 10. HP: 84/86 MP: 12/12
  8291 | D:9      | Found Qenig's Distillery.
  8306 | D:9      | Reached skill level 10 in Crossbows
  8306 | D:9      | Reached skill level 5 in Invocations
  8746 | D:9      | Got a bloodstained chain mail
  8757 | D:9      | Identified the cursed +1 chain mail of Inquiry {rF+ Int+6 SInv} (You found it on level 9 of the Dungeon)
  8958 | D:9      | Found a blossoming altar of Fedhas.
  8983 | D:10     | Entered Level 10 of the Dungeon
  9033 | D:10     | Noticed Grum
  9072 | D:10     | Killed Grum
  9120 | D:10     | Reached **** piety under Cheibriados
  9203 | D:10     | Found a staircase to the Lair.
  9204 | D:10     | Noticed an elephant
  9227 | D:10     | Killed an elephant
  9234 | D:10     | Noticed Erolcha
  9248 | D:10     | Killed Erolcha
  9359 | D:10     | Noticed gilok's ghost (journeyman GnWr)
  9413 | D:10     | Killed gilok's ghost
  9413 | D:10     | Reached XP level 11. HP: 17/94 MP: 13/15
  9988 | D:10     | Found a staircase to the Orcish Mines.
 10334 | Orc:1    | Entered Level 1 of the Orcish Mines
 10358 | D:11     | Noticed Snorg
 10359 | D:11     | Found Roant's Assorted Antiques.
 10366 | D:11     | Killed Snorg
 10377 | D:11     | Bought a metallic green potion for 19 gold pieces
 10377 | D:11     | Bought a scroll labeled USAAPY FAUPP for 22 gold pieces
 10377 | D:11     | Bought a scroll labeled NESACE IRGHYWN for 22 gold pieces
 10379 | D:11     | Learned a level 1 spell: Animate Skeleton
 10566 | D:11     | Found a flagged portal.
 10578 | Bailey   | Entered a bailey
 10715 | Bailey   | Noticed an orc knight
 10877 | Bailey   | Killed an orc knight
 10905 | Bailey   | Reached ***** piety under Cheibriados
 11463 | D:11     | Found Kocitenn's Antique Weapon Shop.
 11571 | D:11     | Noticed an unseen horror
 11584 | D:11     | Killed an unseen horror
 11584 | D:11     | Reached skill level 1 in Bows
 11588 | D:11     | Found a shattered altar of Ashenzari.
 11777 | D:11     | Found Munlicojeck's Gadget Boutique.
 11866 | D:12     | Noticed a deep elf mage
 11875 | D:12     | Reached skill level 1 in Necromancy
 11879 | D:12     | Reached skill level 1 in Spellcasting
 11947 | D:12     | Killed a deep elf mage
 12098 | D:12     | Noticed a white ugly thing
 12105 | D:12     | Killed a white ugly thing
 12247 | D:12     | Noticed a fire dragon
 12247 | D:12     | a titanic slime creature changed into a fire dragon
 12267 | D:12     | Killed a fire dragon
 12716 | D:12     | Reached XP level 12. HP: 104/104 MP: 17/17
 13445 | D:13     | Gained mutation: Your muscles are strong. (Str +2) [potion of mutation]
 13445 | D:13     | Gained mutation: Your muscles are very strong. (Str +4) [potion of mutation]
 13494 | D:13     | Got a spiked hat
 13500 | D:13     | Identified the cursed +0 hat of Vanity {Regen+ rCorr Str+4 Int-5} (You found it on level 13 of the Dungeon)
 13518 | D:13     | Noticed a vault guard
 13661 | D:13     | Reached skill level 10 in Polearms
 13884 | D:13     | Noticed a vault guard
 14015 | D:13     | Killed a vault guard
 14111 | D:13     | Noticed a vault guard
 14134 | D:13     | Killed a vault guard
 14256 | D:13     | Killed a vault guard
 14299 | D:13     | Found a gate to the Vaults.
 14302 | D:13     | Noticed a vault guard
 14325 | D:13     | Killed a vault guard
 14430 | D:13     | Found an opulent altar of Gozag.
 14995 | D:14     | Reached XP level 13. HP: 106/112 MP: 17/19
 15006 | D:14     | Noticed Frances
 15018 | D:14     | Killed Frances
 15384 | D:15     | Entered Level 15 of the Dungeon
 15611 | D:15     | Lost mutation: Your muscles are very strong. (Str +4) [potion of mutation]
 15611 | D:15     | Gained mutation: Your system is resistant to poisons. (rPois) [potion of mutation]
 15611 | D:15     | Gained mutation: Your spells are a little harder to cast, but a little more powerful. [potion of mutation]
 15712 | D:15     | Reached skill level 10 in Invocations
 15739 | D:15     | Reached skill level 10 in Fighting
 15843 | D:15     | Reached skill level 5 in Bows
 16799 | D:15     | Reached XP level 14. HP: 122/122 MP: 16/21
 16824 | D:15     | Found a staircase to the Depths.
 17126 | Orc:1    | Noticed an orc warlord
 18102 | D:10     | Killed an orc warlord
 18102 | D:10     | Reached skill level 1 in Evocations
 18176 | Orc:2    | Entered Level 2 of the Orcish Mines
 18222 | Orc:2    | Paralysed by an orc sorcerer for 2 turns
 18354 | Orc:2    | Found a staircase to the Elven Halls.
 18743 | Orc:2    | Learned a level 4 spell: Animate Dead
 18747 | Orc:2    | Reached skill level 10 in Dodging
 18750 | Orc:2    | Noticed an orc warlord
 20144 | Lair:1   | Entered Level 1 of the Lair of Beasts
 20395 | Lair:1   | Reached skill level 1 in Armour
 21032 | Lair:2   | Learned a level 3 spell: Regeneration
 21070 | Lair:2   | Found a shattered altar of Ashenzari.
 21949 | Lair:3   | Reached XP level 15. HP: 129/129 MP: 23/23
 22021 | Lair:3   | Noticed Urug
 22029 | Lair:3   | Killed Urug
 22238 | Lair:3   | Found a staircase to the Snake Pit.
 22285 | Lair:3   | Reached ****** piety under Cheibriados
 22886 | Snake:1  | Entered Level 1 of the Snake Pit
 22900 | Snake:1  | Reached skill level 1 in Maces & Flails
 22941 | Snake:1  | Identified a scroll of acquirement
 22943 | Snake:1  | Got a shimmering granite ring
 22945 | Snake:1  | Identified the ring "Lomnoq" {rC++ AC+5} (You acquired it on level 1 of the Snake Pit)
 23756 | Snake:2  | Reached skill level 5 in Necromancy
 23825 | Snake:2  | Reached skill level 1 in Charms
 24061 | Snake:2  | Learned a level 7 spell: Dragon Form
 24086 | Snake:2  | Learned a level 6 spell: Hydra Form
 24250 | Snake:2  | Noticed Saint Roka
 24285 | Snake:2  | Noticed a nagaraja
 24293 | Snake:2  | Killed a nagaraja
 24367 | Snake:2  | Killed Saint Roka
 24374 | Snake:2  | HP: 6/130 [naga sharpshooter/bolt (22)]
 25232 | Snake:3  | Found a bloodstained altar of Trog.
 25247 | Snake:3  | Reached skill level 1 in Transmutations
 25674 | Snake:3  | Reached XP level 16. HP: 113/138 MP: 25/25
 25768 | Snake:3  | Learned a level 3 spell: Spider Form
 25885 | Snake:3  | Reached skill level 15 in Crossbows
 26431 | Snake:4  | Entered Level 4 of the Snake Pit
 26682 | Snake:4  | Reached skill level 5 in Spellcasting
 27060 | Snake:4  | Reached skill level 5 in Armour
 27475 | Snake:4  | Noticed Vashnia
 27515 | Snake:4  | HP: 6/139 [naga sharpshooter/bolt (7)]
 28088 | Lair:4   | Found a staircase to the Swamp.
 28422 | Lair:4   | Got an ebony trident
 28423 | Lair:4   | Identified the +7 trident of Pedoux {pierce, rPois MR- Int+6} (You found it on level 4 of the Lair of Beasts)
 28469 | Lair:4   | You fall through a shaft for 2 floors!
 28469 | Lair:6   | Entered Level 6 of the Lair of Beasts
 28629 | Lair:6   | Reached skill level 15 in Invocations
 28919 | Lair:6   | Reached skill level 5 in Evocations
 28959 | Lair:6   | Reached XP level 17. HP: 46/146 MP: 17/27
 29552 | Lair:6   | Found a staircase to the Slime Pits.
 29720 | Lair:5   | Got a pair of slimy gloves
 29726 | Lair:5   | Identified the +3 pair of gloves of Absolutism {-Tele rF+ MR++ Int+3} (You found it on level 5 of the Lair of Beasts)
 30186 | Lair:5   | Got a faintly glowing war axe
 30187 | Lair:5   | Identified the +1 war axe "Newtbane" {venom, *Drain rElec MR+} (You found it on level 5 of the Lair of Beasts)
 31732 | Orc:2    | Found Bebbig's Antique Armour Shop.
 31733 | Orc:2    | Found Igruof's Antique Weapon Boutique.
 31734 | Orc:2    | Found Taynuiq's General Store.
 31734 | Orc:2    | Found Liewnem's Jewellery Shop.
 31738 | Orc:2    | Bought a potion of mutation for 120 gold pieces
 31738 | Orc:2    | Lost mutation: Your muscles are strong. (Str +2) [potion of mutation]
 31738 | Orc:2    | Lost mutation: Your system is resistant to poisons. (rPois) [potion of mutation]
 31738 | Orc:2    | Lost mutation: Your spells are a little harder to cast, but a little more powerful. [potion of mutation]
 31738 | Orc:2    | Gained mutation: Your mind is acute. (Int +2) [potion of mutation]
 31738 | Orc:2    | Gained mutation: You are resistant to hostile enchantments. (MR+) [potion of mutation]
 31740 | Orc:2    | Bought a +3 amulet of reflection for 251 gold pieces
 31757 | Orc:2    | Bought an ichor-stained plate armour for 784 gold pieces
 31757 | Orc:2    | Identified the cursed +1 plate armour "Cantoan" {Str+3 Dex+3} (You bought it in a shop on level 2 of the Orcish Mines)
 32875 | Snake:4  | Killed Vashnia
 33001 | Snake:4  | Shot with a bolt by a naga sharpshooter

Skill      XL: |  1  2  3  4  5  6  7  8  9 10 11 12 13 14 15 16 17 |
---------------+----------------------------------------------------+-----
Fighting       | 3 4 5 6 7 8 9 10 11 12 | 12.5
Crossbows      | 5 6 7 8 9 11 12 13 14 15 | 15.4
Dodging        | 3 4 5 6 7 8 9 10 11 | 11.7
Short Blades   | 2 3 4 5 |  5.6
Invocations    | 2 4 6 8 9 11 12 14 15 | 15.3
Polearms       | 2 5 8 9 10 12 13 | 13.6
Bows           | 2 4 5 6 7 8 |  8.6
Necromancy     | 1 3 4 5 6 |  6.2
Spellcasting   | 1 2 3 4 5 |  5.7
Evocations     | 2 3 5 |  5.5
Armour         | 1 4 6 |  6.8
Maces & Flails | 4 |  4.0
Charms         | 1 2 3 |  3.3
Transmutations | 1 2 3 |  3.6
Stealth        | |  0.7
Shields        | |  0.5

Action                   |  1- 3 |  4- 6 |  7- 9 | 10-12 | 13-15 | 16-18 || total
-------------------------+-------+-------+-------+-------+-------+-------++-------
Melee: Dagger            |       |    88 |   143 |       |       |       ||   231
       Headbutt          |       |    11 |    82 |   196 |   197 |    51 ||   537
       Spear             |       |       |   245 |   527 |   477 |    62 ||  1311
       Mace              |       |       |    11 |       |       |       ||    11
       Bardiche          |       |       |       |       |   119 |    21 ||   140
       Great mace        |       |       |       |       |    67 |       ||    67
       Trident           |       |       |       |       |       |   102 ||   102
 Fire: Hand crossbow     |    72 |    36 |       |    46 |   525 |   233 ||   912
       Shortbow          |       |       |       |   274 |    69 |   622 ||   965
Throw: Stone             |       |    58 |       |     5 |       |       ||    63
       Tomahawk          |       |       |       |    49 |    26 |    10 ||    85
 Cast: Animate Skeleton  |       |       |       |    15 |    31 |       ||    46
       Regeneration      |       |       |       |       |     2 |       ||     2
Invok: Slouch            |       |       |       |     9 |    16 |    14 ||    39
       Step From Time    |       |       |       |       |     2 |     1 ||     3
 Abil: Evoke Flight      |       |       |       |       |       |     2 ||     2
Evoke: Wand              |       |       |       |     4 |    20 |     5 ||    29
       Sack of spiders   |       |       |       |       |       |     3 ||     3
       Lightning rod     |       |       |       |       |       |     2 ||     2
  Use: Potion            |       |     5 |     1 |     6 |    19 |     5 ||    36
       Scroll            |       |       |    17 |    13 |    28 |     7 ||    65
 Stab: Sleeping          |       |       |       |     1 |       |       ||     1
  Eat: Chunk             |     2 |     6 |    11 |     8 |    15 |    10 ||    52
       Ration            |       |       |     3 |     4 |     6 |     3 ||    16
Armor: Leather armour    |     2 |       |       |       |       |       ||     2
       Ice dragon scales |       |    60 |   197 |    67 |   129 |       ||   453
       Skin              |       |     4 |       |       |     2 |       ||     6
       Quicksilver drago |       |       |       |    17 |       |       ||    17
       Chain mail        |       |       |       |   118 |   186 |   260 ||   564
       Plate armour      |       |       |       |       |       |    57 ||    57
Dodge: Dodged            |     8 |    55 |   201 |   382 |   898 |   789 ||  2333
Block: Shield            |       |       |       |       |    12 |       ||    12
       Large shield      |       |       |       |       |       |    10 ||    10
       Other             |       |       |       |       |       |     9 ||     9
